 Dungeon Crawl Stone Soup version 0.28-a0-1241-gf280a0fbb2 (webtiles) character file.

Game seed: 15039505569299308456

3085 Malachi the Slasher (level 9, -7/69 HPs)
             Began as a Demonspawn Berserker on Dec 23, 2021.
             Was a Priest of Trog.
             Mangled by a two-headed ogre (9 damage)
             ... on level 7 of the Dungeon on Dec 26, 2021.
             The game lasted 00:11:52 (10042 turns).

Malachi the Slasher (Demonspawn Berserker)         Turns: 10042, Time: 00:11:53

Health: -7/69      AC: 17    Str: 21    XL:     9   Next: 58%
Magic:  9/9        EV:  7    Int:  8    God:    Trog [***...]
Gold:   399        SH:  0    Dex: 14    Spells: 8/8 levels left

rFire   . . .      SeeInvis .   a - +1 falchion (freeze)
rCold   . . .      Faith    .   (no shield)
rNeg    . . .      Spirit   .   t - +0 plate armour
rPois   .          Reflect  .   (no helmet)
rElec   .          Harm     .   o - +1 cloak
rCorr   .          Rampage  .   q - +0 pair of gloves
Will    .....                   h - +0 pair of boots
Stlth   ..........              (no amulet)
HPRegen 0.21/turn               (no ring)
MPRegen 0.11/turn               (no ring)

@: no status effects
A: foul stench 2, powered by death 2, demonic touch 1
a: Renounce Religion, Berserk, Trog's Hand


You were on level 7 of the Dungeon.
You worshipped Trog.
Trog was most pleased with you.
You visited 1 branch of the dungeon, and saw 8 of its levels.

You collected 399 gold pieces.

Inventory:

Hand Weapons
 a - a +1 falchion of freezing (weapon)
 l - a +2 dagger of electrocution
 r - the +5 short sword of the Equinox {flame, rC+ rN++ Will++}
   (You found it on level 4 of the Dungeon)

   It burns those it strikes, dealing additional fire damage.
   rC:        It protects you from cold.
   rN:        It greatly protects you from negative energy.
   Will:      It greatly increases your willpower.
 v - a +4 flail of freezing
 x - a +0 great sword
Armour
 h - a +0 pair of boots (worn)
 o - a +1 cloak (worn)
 q - a +0 pair of gloves (worn)
 s - a +1 leather armour of poison resistance
 t - a +0 plate armour (worn)
 y - a +0 kite shield
Wands
 u - a wand of iceblast (8)
Scrolls
 e - a scroll of identify
 j - a scroll of noise
 m - a scroll of teleportation
 p - 5 scrolls of vulnerability
Potions
 b - 2 potions of attraction
 c - 3 potions of mutation
 f - a potion of berserk rage {unknown}
 g - a potion of brilliance {unknown}
 i - a potion of heal wounds
 k - a potion of resistance {unknown}
 n - 2 potions of curing {unknown}
 w - a potion of degeneration {unknown}
 z - a potion of haste {unknown}


   Skills:
 + Level 6.0 Fighting
 + Level 4.2(6.5) Short Blades
 + Level 7.9(8.4) Long Blades
 + Level 6.3 Armour
 + Level 3.8 Dodging
 + Level 2.0 Stealth


You had 8 spell levels left.
You didn't know any spells.
Your spell library was empty.

Dungeon Overview and Level Annotations

Branches:
Dungeon (8/15)             Temple (0/1) D:6
   Lair: D:8-11

Altars:
Ashenzari
Hepliaklqana

Shops:
D:4 [   D:7 ?


Innate Abilities, Weirdness & Mutations

You sometimes emit foul miasma when damaged in melee.
You regenerate health from kills.
Your touch may inflict minor irresistible damage on your foes.


Message History

You assume a fearsome visage.
The centaur looks frightened!
The two-headed ogre looks frightened!
A centaur comes into view.
Found a stone staircase leading down.
The centaur wields a +0 shortbow of freezing.
It is covered in frost.
The centaur shoots an arrow.
The arrow hits you.
* * * LOW HITPOINT WARNING * * *
The arrow freezes you.
* * * LOW HITPOINT WARNING * * *
You hear an angry buzzing noise.
Okay, then.
It was a potion of heal wounds.
You feel much better.
The centaur shoots an arrow.
The arrow hits you. The arrow freezes you.
The centaur shoots an arrow.
The arrow barely misses you.
The centaur shoots an arrow.
The arrow hits you but does no damage.
The centaur shoots an arrow.
The arrow hits you but does no damage.
The two-headed ogre cries, "Mercy!"
The centaur shoots an arrow.
The arrow hits you but does no damage.
The two-headed ogre seems to regain its courage.
The centaur shoots an arrow.
The arrow closely misses you.
The centaur shoots an arrow.
The arrow hits you but does no damage.
There is a stone staircase leading up, spattered with blood here.
The centaur shoots an arrow.
The arrow hits you. The arrow freezes you.
The two-headed ogre hits you with a +0 giant club!
* * * LOW HITPOINT WARNING * * *
You emit a cloud of foul miasma!
The two-headed ogre hits you with a +0 giant club.
* * * LOW HITPOINT WARNING * * *
You climb upwards.
There is a stone staircase leading down here.
Aiming: Iceblast
Press: ? - help, Shift-Dir - straight line, f - two-headed ogre
Aim: a two-headed ogre, wielding two +0 giant clubs The mass of ice explodes!
The iceblast engulfs the two-headed ogre!
The two-headed ogre is moderately wounded.
The two-headed ogre hits you with a +0 giant club!
* * * LOW HITPOINT WARNING * * *
The two-headed ogre hits you with a +0 giant club!
You die...

###.......#....#....#[...#.....#.
..#.......#....#...['....#######.
..#.......'....#....#.....#...###
..#......>######....#.....#...##.
..#.......#....#....#.....#......
..+.......#....#....'....##...##.
..#.......#....'....#....##...##.
..#.......#....#O...#....##...##.
..#.......##'###@...#....##...##.
..#....?..#....#....#.........#..
..#.......#....#....#.........#..
..#.......#.>..#....####[##)..##.
..#.......#....#........[.#...##.
..#.......###'######......#....#.
..'.............#..#......+....#.
..#.............#..#......#....#.
..###+####......#).'......#....'.


You could see a two-headed ogre.

Vanquished Creatures
  Grinder (D:5)
  Eustachio (D:5)
  A steam dragon (D:7)
  A water moccasin (D:6)
  Duvessa (D:4)
  A sky beast (D:7)
  An orc warrior (D:7)
  An ice beast (D:5)
  A black bear (D:4)
  2 ogres
  Blork the orc (D:5)
  4 bullfrogs (D:7)
  2 scorpions
  A water moccasin zombie (D:7)
  Dowan (D:4)
  3 killer bees (D:7)
  5 wights (D:7)
  2 howler monkeys
  A centaur zombie (D:5)
  2 jellies
  2 orc priests
  2 bullfrog zombies (D:6)
  2 centaur skeletons
  3 hounds
  2 bullfrog skeletons (D:7)
  Jessica (D:2)
  Ijyb (D:5)
  Terence (D:3)
  3 iguanas
  5 orc wizards
  A killer bee zombie (D:7)
  4 gnolls
  4 adders
  2 white imps
  An ufetubus (D:5)
  3 worms
  5 dart slugs
  18 orcs
  3 ball pythons
  7 bats
  5 endoplasms
  7 goblins
  4 hobgoblins
  4 jackals
  2 quokkas
  A frilled lizard (D:2)
  10 kobolds
  6 rats
142 creatures vanquished.

Vanquished Creatures (others)
  A ball python (D:2)
  A plant (D:1)
2 creatures vanquished.

Grand Total: 144 creatures vanquished

Notes
Turn   | Place    | Note
-------+----------+-------------------------------------------
     0 | D:1      | Malachi the Demonspawn Berserker began the quest for the
                  | Orb.
     0 | D:1      | Reached XP level 1. HP: 18/18 MP: 1/1
   386 | D:1      | Gained mutation: You regenerate a little health from kills.
                  | [demonic ancestry]
   386 | D:1      | Reached XP level 2. HP: 23/24 MP: 2/2
   848 | D:1      | Reached skill level 3 in Long Blades
   854 | D:1      | Found a faded altar of an unknown god.
  1555 | D:2      | Gained mutation: You may rarely emit foul miasma when
                  | damaged in melee. [demonic ancestry]
  1555 | D:2      | Reached XP level 3. HP: 27/29 MP: 3/3
  2196 | D:2      | Gained mutation: You sometimes emit foul miasma when
                  | damaged in melee. [demonic ancestry]
  2196 | D:2      | Reached XP level 4. HP: 35/35 MP: 4/4
  2370 | D:2      | Reached ** piety under Trog
  2467 | D:2      | Noticed Jessica
  2481 | D:2      | Killed Jessica
  2795 | D:2      | Reached XP level 5. HP: 41/41 MP: 5/5
  2807 | D:2      | Reached skill level 4 in Long Blades
  2971 | D:3      | Found a broken altar of Ashenzari.
  3465 | D:3      | Noticed Terence
  3474 | D:3      | Killed Terence
  3843 | D:3      | Reached XP level 6. HP: 48/48 MP: 6/6
  4202 | D:4      | Noticed Dowan
  4224 | D:4      | Killed Dowan
  4521 | D:4      | Noticed Duvessa
  4534 | D:4      | Killed Duvessa
  4535 | D:4      | Reached skill level 5 in Long Blades
  4535 | D:4      | Reached skill level 1 in Stealth
  4595 | D:4      | Gained mutation: You regenerate health from kills. [demonic
                  | ancestry]
  4595 | D:4      | Reached XP level 7. HP: 19/54 MP: 7/7
  5111 | D:4      | Identified the +5 short sword of the Equinox {flame, rC+
                  | rN++ Will++}
  5134 | D:4      | Found Abrappeyx's Antique Armour Shop.
  5263 | D:4      | Found a hazy altar of Hepliaklqana.
  5415 | D:5      | Entered Level 5 of the Dungeon
  5427 | D:5      | Noticed Eustachio
  5433 | D:5      | Killed Eustachio
  5660 | D:5      | Noticed Grinder
  5665 | D:5      | Noticed Blork the orc
  5674 | D:5      | Killed Blork the orc
  5675 | D:5      | Reached skill level 1 in Short Blades
  5680 | D:5      | Killed Grinder
  5681 | D:5      | Reached XP level 8. HP: 61/61 MP: 8/8
  5930 | D:5      | Noticed Ijyb
  5940 | D:5      | Killed Ijyb
  5954 | D:5      | Reached skill level 5 in Armour
  6400 | D:5      | Reached skill level 5 in Fighting
  7064 | D:6      | Reached *** piety under Trog
  7145 | D:6      | Found a staircase to the Ecumenical Temple.
  7198 | D:6      | Reached skill level 6 in Long Blades
  7554 | D:6      | Upgraded the game from 0.28-a0-1233-g92def6ad0a to
                  | 0.28-a0-1241-gf280a0fbb2
  7595 | D:7      | Discovered your monstrous ancestry.
  7595 | D:7      | Gained mutation: Your touch may inflict minor irresistible
                  | damage on your foes. [demonic ancestry]
  7595 | D:7      | Reached XP level 9. HP: 68/68 MP: 9/9
  7969 | D:7      | Reached skill level 7 in Long Blades
  8510 | D:7      | Found Puavil's Magic Scroll Emporium.
  9982 | D:8      | Noticed a two-headed ogre
 10005 | D:8      | HP: 3/69 [centaur/arrow (2)]
 10042 | D:7      | HP: 2/69 [two-headed ogre (14)]
 10042 | D:7      | Mangled by a two-headed ogre

Illustrated notes

Levels and vault maps discovered:
D:1:      ebering_trefoil_twist, layout_loops_corners,
          shapermc_ecumenical_altar_mp_ritualfount, minmay_misc_feat_columns,
          chequers_big_river, st_stairs_13, chequers_serial_rivers_micro_c,
          chequers_serial_rivers_small_3, hangedman_decor_growths
D:2:      layout_rooms, uniq_jessica
D:3:      layout_basic, mainiacjoe_overflow_cross_hatched, wad_floor_pattern_2,
          uniq_terence
D:4:      layout_cave_pools, kennysheep_mini_moat, serial_shops,
          nicolae_shop_hallway_plus, uniq_duvessa
D:5:      nicolae_BIG_FREAKIN_CUBE, layout_cave_pods, uniq_eustachio, uniq_ijyb,
          uniq_grinder, uniq_blork_the_orc
D:6:      layout_rooms, temple_fountains
D:7:      layout_gridville, serial_shops, nicolae_diamond_shop
D:8:      nicolae_cairo_tiling, layout_cave_pools, overflow_temple_1_default,
          dpeg_oklobed_lair, minmay_chambers_of_fives

Skill      XL: |  1  2  3  4  5  6  7  8  9 |
---------------+----------------------------+-----
Dodging        | 2 3 |  3.8
Long Blades    | 3 4 5 6 7 |  7.9
Armour         | 2 3 4 5 6 |  6.3
Fighting       | 4 5 6 |  6.0
Stealth        | 1 2 |  2.0
Short Blades   | 2 4 |  4.2

Action                   |  1- 3 |  4- 6 |  7- 9 || total
-------------------------+-------+-------+-------++-------
Melee: Falchion          |   101 |   188 |   138 ||   427
       Short sword       |       |       |    83 ||    83
       Great sword       |       |       |    72 ||    72
       Touch             |       |       |    17 ||    17
Invok: Berserk           |     3 |     4 |     3 ||    10
Evoke: Wand              |       |       |     1 ||     1
  Use: Scroll            |       |     5 |     8 ||    13
       Potion            |       |       |     1 ||     1
Armor: Animal skin       |    31 |       |       ||    31
       Chain mail        |     3 |   122 |    67 ||   192
       Plate armour      |       |       |   130 ||   130
Dodge: Dodged            |    73 |    77 |   122 ||   272

Table legend: (Time is in decaauts)
 A = Elapsed time spent in this place.
 B = Non-inter-level travel time spent in this place.
 C = Inter-level travel time spent in this place.
 D = Time resting spent in this place.
 E = Time spent auto-exploring this place.
 F = Levels seen in this place.
 G = Mean time per level.
                   A        B        C        D        E       F      G
               +--------+--------+--------+--------+--------+-----+--------+
         Total |  10201 |   9772 |    429 |   3492 |   4867 |   8 | 1275.1 |
       Dungeon |  10201 |   9772 |    429 |   3492 |   4867 |   8 | 1275.1 |
               +--------+--------+--------+--------+--------+-----+--------+

Top non-repeatable levels by time:
     D:7: 1954 daAuts
     D:1: 1857 daAuts
     D:3: 1416 daAuts
     D:6: 1400 daAuts
     D:5: 1226 daAuts
     D:2: 1159 daAuts
     D:4: 1146 daAuts
     D:8: 39 daAuts
